 Dungeon Crawl Stone Soup version 0.23.0 (webtiles) character file.

Game seed: 5961592962041641927

4414 dengdeng the Carver (level 10, -1/132 HPs)
             Began as a Minotaur Berserker on Feb 14, 2019.
             Was a High Priest of Trog.
             Slain by an orc warrior
             ... wielding a cursed +0 scimitar
              (3 damage)
             ... on level 10 of the Dungeon on Feb 15, 2019.
             The game lasted 00:28:33 (8452 turns).

dengdeng the Carver (Minotaur Berserker)            Turns: 8452, Time: 00:28:33

Health: -1/132     AC: 16    Str: 33    XL:     10   Next: 14%
Magic:  9/9        EV: 10    Int:  4    God:    Trog [*****.]
Gold:   552        SH:  0    Dex: 10    Spells: 9/9 levels left

rFire    . . .     SeeInvis .   A - +0 long sword
rCold    . . .     Gourm    .   (no shield)
rNeg     . . .     Faith    .   x - +0 plate armour
rPois    .         Spirit   .   (helmet restricted)
rElec    .         Reflect  .   (no cloak)
rCorr    .         Harm     .   t - +0 pair of gloves
MR       .....                  p - +0 pair of boots
Stlth    ..........             (no amulet)
HPRegen  0.32/turn              w - ring of flight
MPRegen  0.11/turn              q - +3 ring of strength

@: berserking, lethally poisoned (-1 -> -3), very quick
A: retaliatory headbutt, horns 2
a: Berserk, Trog's Hand, Brothers in Arms, Renounce Religion, Evoke Flight


You were on level 10 of the Dungeon.
You worshipped Trog.
Trog was extremely pleased with you.
You were hungry.

You visited 1 branch of the dungeon, and saw 10 of its levels.
You also visited: Ossuary.

You collected 727 gold pieces.
You spent 175 gold pieces at shops.

Inventory:

Hand Weapons
 a - a +0 falchion
 y - a +0 giant club
 A - a +0 long sword (weapon)
Missiles
 b - 398 stones (quivered)
Armour
 p - a +0 pair of boots (worn)
 t - a +0 pair of gloves (worn)
 x - a +0 plate armour (worn)
Jewellery
 q - a +3 ring of strength (right hand)
 w - a ring of flight (left hand)
Wands
 h - a wand of digging (5)
 u - a wand of paralysis (17)
Scrolls
 d - 2 scrolls of fog {unknown}
 f - 11 scrolls of identify {unknown}
 j - 3 scrolls of noise {unknown}
 l - 4 scrolls of remove curse {unknown}
 m - 8 scrolls of teleportation {unknown}
 o - 3 scrolls of fear {unknown}
 r - a scroll of enchant weapon {unknown}
 s - 3 scrolls of magic mapping {unknown}
 v - 4 scrolls of amnesia {unknown}
 C - a scroll of silence {unknown}
 D - a scroll of blinking {unknown}
 I - a scroll of enchant armour
Potions
 e - 4 potions of brilliance {unknown}
 g - 3 potions of heal wounds
 i - 5 potions of curing
 k - a potion of agility {unknown}
 n - 3 potions of might {unknown}
 z - a potion of haste {unknown}
 B - a potion of flight {unknown}
 E - 2 potions of lignification {unknown}
 F - 2 potions of magic {unknown}
 G - a potion of degeneration {unknown}
 H - a potion of ambrosia {unknown}
Comestibles
 c - 12 rations


   Skills:
 + Level 8.1 Fighting
 * Level 13.2 Long Blades
 + Level 1.5 Throwing
 * Level 8.1 Armour
 + Level 4.4 Dodging
 + Level 1.1 Stealth


You had 9 spell levels left.
You didn't know any spells.
Your spell library was empty.

Dungeon Overview and Level Annotations

Branches:
Dungeon (10/15)            Temple (0/1) D:4            Lair (0/6) D:9
    Orc: D:9-12

Altars:
Ashenzari
Cheibriados
Gozag
Kikubaaqudgha
Qazlal
Sif Muna
Vehumet
Wu Jian
Xom
Yredelemnul
The Shining One

Shops:
D:8 !   D:9 ?


Innate Abilities, Weirdness & Mutations

You reflexively headbutt those who attack you in melee.
You have a pair of horns on your head.


Message History

Something hits you but does no damage.
The killer bee stings you but does no damage.
The killer bee stings you.
* * * LOW HITPOINT WARNING * * *
The killer bee misses you.
You riposte.
You miss the killer bee. You headbutt the killer bee!
You kill the killer bee!
Trog accepts your kill. The killer bee stings you.
* * * LOW HITPOINT WARNING * * *
The killer bee barely misses you. Something hits you.
* * * LOW HITPOINT WARNING * * *
The killer bee stings you but does no damage. x2
You hear some strange, mumbled words.
The killer bee stings you.
* * * LOW HITPOINT WARNING * * *
Something hits you but does no damage.
The killer bee stings you but does no damage.
The orc warrior hits you with a cursed +0 scimitar.
You die...

#..........#...
#..(.......#...
.##.........>...#
...............##
................#
.................
#.....<.yy.......
....y..{o@y#
....5>.oy#{#
........####
.........
$........#
........##
.....#.## .#.####
##


You could see a hornet, an orc warrior, 4 killer bees, a crimson imp and an orc.

Vanquished Creatures
  2 hippogriffs
  Sigmund (D:4)
  A wyvern (D:9)
  Eustachio (D:5)
  Duvessa (D:4)
  2 water moccasins (D:6)
  5 orc warriors
  A sky beast (D:7)
  2 ice beasts (D:5)
  3 ogres
  2 centaurs
  2 big kobolds
  Blork the orc (D:5)
  4 bullfrogs
  2 wyvern skeletons
  Dowan (D:4)
  A killer bee (D:10)
  5 crimson imps
  A quasit (D:8)
  A centaur zombie (D:9)
  3 jellies (D:8)
  5 orc priests
  2 bullfrog skeletons
  3 hounds
  9 orc wizards
  3 worker ants
  2 big kobold zombies (Ossuary)
  A hound skeleton (D:5)
  9 mummies
  8 gnolls
  8 adders
  2 shadow imps (D:7)
  2 adder zombies
  2 oozes
  An adder skeleton (D:5)
  3 worms
  4 dart slugs
  4 leopard geckos
  22 orcs
  A ball python (D:3)
  9 bats
  6 giant cockroaches
  3 gnoll zombies (Ossuary)
  13 goblins
  6 hobgoblins
  13 jackals
  5 quokkas
  4 frilled lizards
  A goblin zombie (D:8)
  2 hobgoblin zombies
  19 kobolds
  A kobold zombie (Ossuary)
  A leopard gecko skeleton (D:4)
  An orc zombie (Ossuary)
  9 rats
226 creatures vanquished.

Notes
Turn   | Place    | Note
-------+----------+-------------------------------------------
     0 | D:1      | dengdeng the Minotaur Berserker began the quest for the
                  | Orb.
     0 | D:1      | Reached XP level 1. HP: 19/19 MP: 0/0
     0 | D:1      | Noticed an elf
     0 | D:1      | Noticed a spriggan
     1 | D:1      | Noticed an octopode
     3 | D:1      | Noticed a troll
     3 | D:1      | Noticed a vampire
     6 | D:1      | Noticed a draconian
     7 | D:1      | Noticed a minotaur
     8 | D:1      | Noticed a gargoyle
    10 | D:1      | Noticed a formicid
    10 | D:1      | Noticed a spriggan
    13 | D:1      | Noticed a spriggan
    14 | D:1      | Noticed a minotaur
    16 | D:1      | Noticed an elf
    16 | D:1      | Noticed a human
    18 | D:1      | Noticed a spriggan
    81 | D:1      | Reached skill level 4 in Long Blades
    81 | D:1      | Reached XP level 2. HP: 26/27 MP: 1/1
   665 | D:1      | Reached XP level 3. HP: 33/33 MP: 2/2
   674 | D:1      | Reached ** piety under Trog
  1160 | D:2      | Found a stormy altar of Qazlal.
  1205 | D:2      | Reached skill level 5 in Long Blades
  1295 | D:2      | Reached XP level 4. HP: 33/40 MP: 3/3
  2093 | D:3      | Reached XP level 5. HP: 47/47 MP: 4/4
  2104 | D:3      | Reached *** piety under Trog
  2227 | D:3      | Reached skill level 6 in Long Blades
  2508 | D:3      | Found a shimmering altar of Xom.
  2508 | D:3      | Found a snail-covered altar of Cheibriados.
  2704 | D:4      | Noticed Sigmund
  2714 | D:4      | Killed Sigmund
  2714 | D:4      | Reached XP level 6. HP: 45/53 MP: 5/5
  2852 | D:4      | Identified the cursed +1 flail "Backscratcher" {speed,
                  | rPois rN+ Stlth+}
  2950 | D:4      | Reached skill level 7 in Long Blades
  3168 | D:4      | Found an opulent altar of Gozag.
  3168 | D:4      | Found a radiant altar of Vehumet.
  3172 | D:4      | Found an ornate altar of the Wu Jian Council.
  3172 | D:4      | Found a basalt altar of Yredelemnul.
  3182 | D:4      | Found a staircase to the Ecumenical Temple.
  3208 | D:4      | Found a shattered altar of Ashenzari.
  3212 | D:4      | Reached XP level 7. HP: 57/60 MP: 6/6
  3240 | D:4      | Found an ancient bone altar of Kikubaaqudgha.
  3427 | D:4      | Found a glowing golden altar of the Shining One.
  3504 | D:4      | Noticed Duvessa
  3504 | D:4      | Noticed Dowan
  3510 | D:4      | Killed Dowan
  3510 | D:4      | Reached skill level 5 in Fighting
  3511 | D:4      | Killed Duvessa
  3511 | D:4      | Reached **** piety under Trog
  3511 | D:4      | Reached skill level 8 in Long Blades
  3766 | D:5      | Entered Level 5 of the Dungeon
  3791 | D:5      | Reached skill level 5 in Armour
  3804 | D:5      | Reached skill level 9 in Long Blades
  4000 | D:5      | Noticed Eustachio
  4003 | D:5      | Found a deep blue altar of Sif Muna.
  4012 | D:5      | Killed Eustachio
  4012 | D:5      | Reached XP level 8. HP: 70/70 MP: 7/7
  4235 | D:5      | Noticed Blork the orc
  4240 | D:5      | Killed Blork the orc
  4474 | D:6      | Reached skill level 1 in Stealth
  4717 | D:6      | Reached skill level 10 in Long Blades
  5275 | D:7      | Reached XP level 9. HP: 33/78 MP: 8/8
  5287 | D:7      | Reached skill level 11 in Long Blades
  5464 | D:7      | Reached ***** piety under Trog
  5933 | D:7      | Reached skill level 12 in Long Blades
  6679 | D:8      | Found Ucuaneast's Distillery.
  6692 | D:8      | Bought a potion of heal wounds for 70 gold pieces
  6840 | D:8      | Found a sand-covered staircase.
  6852 | Ossuary  | Entered an ossuary
  6910 | Ossuary  | Reached skill level 13 in Long Blades
  7628 | D:9      | Reached skill level 1 in Throwing
  7628 | D:9      | Reached XP level 10. HP: 53/88 MP: 9/9
  7968 | D:9      | Found a staircase to the Lair.
  8021 | D:9      | Found a deep blue altar of Sif Muna.
  8028 | D:9      | Found Kaixann's Magic Scroll Shoppe.
  8055 | D:9      | Bought a scroll of enchant armour for 105 gold pieces
  8425 | D:10     | Entered Level 10 of the Dungeon
  8452 | D:10     | HP: 5/132 [killer bee (3)]
  8452 | D:10     | HP: 2/132 [killer bee (2)]
  8452 | D:10     | Slain by an orc warrior

Skill      XL: |  1  2  3  4  5  6  7  8  9 10 |
---------------+-------------------------------+-----
Long Blades    | 4 5 6 7 9 10 13 | 13.2
Fighting       | 4 5 6 7 8 |  8.1
Armour         | 3 4 5 6 7 8 |  8.1
Dodging        | 3 4 |  4.4
Stealth        | 1 |  1.1
Throwing       | 1 |  1.5

Action                   |  1- 3 |  4- 6 |  7- 9 | 10-12 || total
-------------------------+-------+-------+-------+-------++-------
Melee: Falchion          |    80 |   128 |   263 |       ||   471
       Headbutt          |    11 |    21 |    76 |    15 ||   123
       Long sword        |       |       |   106 |    64 ||   170
Throw: Stone             |       |     3 |    36 |       ||    39
Invok: Berserk           |       |     1 |     5 |     1 ||     7
  Eat: Chunk             |     1 |     7 |    14 |     1 ||    23
       Ration            |       |       |     2 |       ||     2
Armor: Animal skin       |     2 |       |       |       ||     2
       Ring mail         |    22 |    35 |       |       ||    57
       Scale mail        |       |     3 |    41 |       ||    44
       Plate armour      |       |       |   122 |    74 ||   196
Dodge: Dodged            |    46 |    83 |   149 |    37 ||   315
       Rpst.: Falchion   |    10 |    27 |    29 |       ||    66
       Long sword        |       |       |    11 |    12 ||    23
